 Dungeon Crawl Stone Soup version 0.32-a0-699-g1ee5eff69a (webtiles) character file.

Game seed: 9387972053585478479

294 Griffin23 the Sneak (level 6, 0/37 HPs)
             Began as a Kobold Brigand on Mar 14, 2024.
             Slain by a scorpion (5 damage)
             ... on level 4 of the Dungeon.
             The game lasted 00:08:29 (3728 turns).

Griffin23 the Sneak (Kobold Brigand)                Turns: 3728, Time: 00:08:30

Health: 0/37       AC:  6    Str: 11    XL:     6   Next: 60%
Magic:  6/6        EV: 12    Int: 12    God:
Gold:   117        SH:  0    Dex: 16    Spells: 5/5 levels left

rFire   . . .        q - +0 arbalest
rCold   . . .        (shield currently unavailable)
rNeg    . . .        e - +0 ring mail
rPois   .            (no helmet)
rElec   .            c - +0 cloak
rCorr   .            (no gloves)
SInv    .            (no boots)
Will    .....        (no amulet)
Stlth   ++++         (no ring)
HPRegen 0.26/turn    (no ring)
MPRegen 0.10/turn

%: no passive effects
@: no status effects
A: small, no large weapons, nightstalker 3
a: no special abilities


You were on level 4 of the Dungeon.
You visited 1 branch of the dungeon, and saw 4 of its levels.
You also visited: Sewer.

You collected 117 gold pieces.

Inventory:

Hand Weapons
 a - a +2 dagger
 q - a +0 arbalest (weapon)
Missiles
 d - a poisoned dart
 z - 3 curare-tipped darts
Armour
 b - a +0 robe
 c - a +0 cloak (worn)
 e - a +0 ring mail (worn)
Jewellery
 m - a +6 ring of intelligence
 p - a ring of willpower
 x - a +5 ring of evasion
 y - an amulet of regeneration
Scrolls
 f - 3 scrolls of teleportation {unknown}
 g - a scroll of fog {unknown}
 i - a scroll of poison {unknown}
 j - a scroll of brand weapon {unknown}
 l - a scroll of enchant weapon {unknown}
 n - 3 scrolls of fear {unknown}
 t - a scroll of enchant armour {unknown}
 u - a scroll of summoning {unknown}
 w - a scroll of amnesia {unknown}
 B - a scroll of torment {unknown}
Potions
 h - 2 potions of resistance {unknown}
 k - 3 potions of curing {unknown}
 o - a potion of mutation {unknown}
 r - a potion of magic {unknown}
 s - 3 potions of cancellation {unknown}
 v - 2 potions of heal wounds {unknown}
 A - a potion of lignification {unknown}


   Skills:
 * Level 3.3 Fighting
 * Level 3.5 Short Blades
 * Level 3.9 Ranged Weapons
 - Level 3.1 Throwing
 * Level 1.2 Armour
 * Level 2.4 Dodging
 * Level 6.4 Stealth


You had 5 spell levels left.
You didn't know any spells.
Your spell library contained the following spells:

 Spells                   Type           Power      Damage    Failure   Level
 Lesser Beckoning         Tloc           0%         N/A       75%         2
 Gell's Gravitas          Tloc           0%         N/A       93%         3
 Teleport Other           Tloc           0%         N/A       93%         3


Dungeon Overview and Level Annotations

Branches:
Dungeon (4/15)              Sewer (visited)
 Temple: D:4-7

Altars:


Innate Abilities, Weirdness & Mutations

You are small and have problems with some larger weapons.
You are completely attuned to the shadows.


Message History

The hobgoblin hits you. The hound misses you.
A scorpion comes into view.
There are monsters nearby!
You are too injured to fight recklessly!
There are monsters nearby!
You are too injured to fight recklessly!
There are monsters nearby!
You are too injured to fight recklessly!
There are monsters nearby!
You are too injured to fight recklessly!
There are monsters nearby!
You are too injured to fight recklessly!
There are monsters nearby!
You shoot a bolt. The bolt hits the hobgoblin.
The hobgoblin is severely wounded.
The hound bites you. The hobgoblin closely misses you.
The hound closely misses you.
You shoot a bolt. The bolt hits the hobgoblin.
You kill the hobgoblin!
The hound bites you.
The hound bites you but does no damage. x2
The scorpion barely misses you.
You shoot a bolt. The bolt closely misses the scorpion.
The hound stops to sniff the ground.
The hound bites you.
* * * LOW HITPOINT WARNING * * *
The scorpion closely misses you. The hound bites you but does no damage.
The scorpion misses you. The hound barely misses you.
You shoot a bolt. The bolt barely misses the scorpion.
The hound misses you. The scorpion stings you.
* * * LOW HITPOINT WARNING * * *
The hound barely misses you.
The scorpion stings you but does no damage.
The hound bites you.
* * * LOW HITPOINT WARNING * * *
You shoot a bolt.
The bolt hits the scorpion but does no damage.
The scorpion closely misses you. The hound barely misses you.
The scorpion closely misses you. The hound closely misses you.
The scorpion stings you.
You die...

..#.. .#.##
.. .).
...#s#
...#@#
...h.#
.....####
.........
.........
.........
.........
..........
...........


You could see a scorpion and a hound.

Vanquished Creatures
  2 hounds
  An orc wizard (D:3)
  A hell rat (Sewer)
  9 adders
  2 river rats (Sewer)
  A dart slug (D:1)
  A ribbon worm (D:2)
  7 orcs
  3 ball pythons
  5 bats
  6 endoplasms
  A giant cockroach (D:2)
  9 goblins
  5 hobgoblins
  6 quokkas
  3 frilled lizards
  5 kobolds
  15 rats
82 creatures vanquished.

Notes
Turn   | Place    | Note
-------+----------+-------------------------------------------
     0 | D:1      | Griffin23 the Kobold Brigand began the quest for the Orb.
     0 | D:1      | Reached XP level 1. HP: 12/12 MP: 1/1
    79 | D:1      | Reached XP level 2. HP: 17/17 MP: 2/2
   113 | D:1      | Found a faded altar of an unknown god.
   214 | D:1      | Reached skill level 6 in Stealth
   288 | D:1      | Reached XP level 3. HP: 22/22 MP: 3/3
  1275 | D:2      | Reached XP level 4. HP: 27/27 MP: 4/4
  2152 | D:3      | Reached skill level 1 in Ranged Weapons
  2159 | D:3      | Found a glowing drain.
  2239 | Sewer    | Entered a sewer
  2248 | Sewer    | Reached XP level 5. HP: 24/32 MP: 5/5
  2481 | D:3      | Reached skill level 1 in Armour
  2762 | D:3      | Reached XP level 6. HP: 37/37 MP: 6/6
  3728 | D:4      | Slain by a scorpion

Illustrated notes

Levels and vault maps discovered:
D:1:      matt_arrival_grand_opening, layout_rooms, basic_ecumenical_altar,
          nrook_mini_vaults, grunt_decor_fettered
D:2:      layout_basic, grunt_ministairs_14, nicolae_titane
D:3:      layout_basic, gup_sewer_entry_bubbles
D:4:      layout_basic

Skill      XL: |  1  2  3  4  5 |
---------------+----------------+-----
Stealth        | 6 |  6.4
Short Blades   | 3 |  3.5
Throwing       | 3 |  3.1
Dodging        | 2 |  2.4
Ranged Weapons | 1 3 |  3.9
Fighting       | 3 |  3.3
Armour         | 1 |  1.2

Action                     |  1- 3 |  4- 6 || total
---------------------------+-------+-------++-------
  Melee: Dagger            |    57 |    12 ||    69
   Fire: Arbalest          |       |   142 ||   142
  Throw: Dart              |    79 |     5 ||    84
 Armour: Robe              |     5 |       ||     5
         Ring mail         |    24 |   110 ||   134
  Dodge: Dodged            |    22 |   138 ||   160

Table legend: (Time is in decaauts)
 A = Elapsed time spent in this place.
 B = Non-inter-level travel time spent in this place.
 C = Inter-level travel time spent in this place.
 D = Time resting spent in this place.
 E = Time spent auto-exploring this place.
 F = Levels seen in this place.
 G = Mean time per level.
                   A        B        C        D        E       F      G
               +--------+--------+--------+--------+--------+-----+--------+
         Total |   3920 |   3574 |    346 |    201 |   2750 |   5 |  784.0 |
       Dungeon |   3722 |   3376 |    346 |    201 |   2636 |   4 |  930.5 |
         Sewer |    198 |    198 |      0 |      0 |    113 |   1 |  198.0 |
               +--------+--------+--------+--------+--------+-----+--------+

Top non-repeatable levels by time:
     D:3: 1437 daAuts
     D:2: 1166 daAuts
     D:1: 864 daAuts
     D:4: 254 daAuts
   Sewer: 198 daAuts
